 Dungeon Crawl Stone Soup version 0.28.0-53-g5a82cb258f (console) character file.

Game seed: 10566587304219250142

26017 Faeu the Tortoise (level 12, -4/145 HPs)
             Began as a Minotaur Berserker on June 30, 2022.
             Was a High Priest of Trog.
             Slain by an orc warlord
             ... wielding a +1 great sword of holy wrath
              (28 damage)
             ... on level 2 of the Orcish Mines on Aug 7, 2022.
             The game lasted 01:11:32 (16111 turns).

Faeu the Tortoise (Minotaur Berserker)             Turns: 16111, Time: 01:11:32

Health: -4/145     AC: 23    Str: 28    XL:     12   Next: 94%
Magic:  11/11      EV: 15    Int:  4    God:    Trog [*****.]
Gold:   1699       SH: 10    Dex:  9    Spells: 11/11 levels left

rFire   + . .      SeeInvis .   T - +3 flail {mace}
rCold   . . .      Faith    .   g - +0 kite shield
rNeg    . . .      Spirit   .   h - +5 scale mail of Oblivion {rF+}
rPois   .          Reflect  .   (helmet restricted)
rElec   .          Harm     .   y - +0 cloak
rCorr   .          Rampage  .   I - +0 pair of gloves
Will    .....                   (no boots)
Stlth   ..........              R - amulet of the acrobat
HPRegen 0.34/turn               w - +4 ring of protection
MPRegen 0.12/turn               z - +4 ring of evasion

@: berserking (expiring), very quick
A: horns 2, retaliatory headbutt
a: Renounce Religion, Berserk, Trog's Hand, Brothers in Arms


You were on level 2 of the Orcish Mines.
You worshipped Trog.
Trog was extremely pleased with you.
You visited 2 branches of the dungeon, and saw 13 of its levels.
You also visited: Sewer and Ice Cave.

You collected 1699 gold pieces.


Innate Abilities, Weirdness & Mutations

You have a pair of horns on your head.
You reflexively headbutt those who attack you in melee.


   Skills:
 + Level 6.7 Fighting
 - Level 16.0 Maces & Flails
 - Level 17.0 Armour
 - Level 6.0 Dodging
 - Level 9.0 Shields


You had 11 spell levels left.
You didn't know any spells.
Your spell library contained the following spells:

 Spells                   Type           Power      Damage    Failure   Level
 Beastly Appendage        Tmut           0%         N/A       92%         1
 Magic Dart               Conj           0%         1d3       92%         1
 Call Imp                 Summ           0%         N/A       98%         2
 Wereblood                Tmut           0%         N/A       98%         2
 Conjure Flame            Conj/Fire      0%         6-21      100%        3
 Gell's Gravitas          Tloc           0%         N/A       100%        3
 Ignite Poison            Fire/Tmut/Pois 0%         N/A       100%        3
 Lesser Beckoning         Tloc           0%         N/A       100%        3
 Mephitic Cloud           Conj/Pois/Air  0%         N/A       100%        3
 Spider Form              Tmut/Pois      0%         N/A       100%        3
 Teleport Other           Tloc           0%         N/A       100%        3
 Sticky Flame             Conj/Fire      0%         2d3       100%        4

Inventory:

Hand Weapons
 k - a +2 battleaxe of freezing {axe}
   (You took it off a frost giant in an ice cave)
 q - a +0 club of freezing {mace}
   (You found it in an ice cave)
 r - a +1 antimagic falchion {long}
   (You took it off Terence on level 3 of the Dungeon)
 x - a +3 quarterstaff of chaos {staff}
   (You took it off Crazy Yiuf on level 3 of the Dungeon)
 K - a +5 falchion of freezing {long}
   (You found it in an ice cave)
 P - a +5 great sword of freezing {long}
   (You took it off a wight on level 6 of the Dungeon)
 T - a +3 flail (weapon) {mace}
   (You took it off an orc on level 9 of the Dungeon)
 W - a +4 dagger of freezing {short}
   (You took it off a kobold brigand on level 11 of the Dungeon)
 Z - a +2 vampiric short sword {short}
   (You took it off an orc priest on level 2 of the Orcish Mines)
Missiles
 d - 6 javelins {throwing}
 B - 6 atropa-tipped darts {throwing}
 M - 32 poisoned darts (quivered) {throwing}
Armour
 a - a +0 ring mail of fire resistance
   (You took it off Duvessa on level 7 of the Dungeon)
 c - a +2 scale mail of cold resistance
   (You found it in an ice cave)
 g - a +0 kite shield (worn)
   (You found it on level 2 of the Dungeon)
 h - the +5 scale mail of Oblivion (worn) {rF+}
   (You found it on level 7 of the Dungeon)

   rF:        It protects you from fire.
 y - a +0 cloak (worn)
   (You took it off Crazy Yiuf on level 3 of the Dungeon)
 C - the +1 scale mail of Entitlement {*Slow rElec Regen+ Stlth+}
   (You found it on level 5 of the Dungeon)

   rElec:     It insulates you from electricity.
   Regen:     It increases your rate of health regeneration.
   *Slow:     It may slow you when you take damage.
   Stlth:     It makes you more stealthy.
 G - a +0 plate armour
   (You took it off an orc warrior on level 6 of the Dungeon)
 I - a +0 pair of gloves (worn)
   (You found it on level 6 of the Dungeon)
Jewellery
 v - a +4 ring of evasion
   (You took it off an orc on level 7 of the Dungeon)
 w - a +4 ring of protection (left hand)
   (You found it on level 3 of the Dungeon)
 z - a +4 ring of evasion (right hand)
   (You found it on level 4 of the Dungeon)
 Q - a +6 ring of dexterity
   (You took it off an orc warrior on level 8 of the Dungeon)
 R - an amulet of the acrobat (around neck)
   (You found it on level 10 of the Dungeon)
Wands
 t - a wand of flame (13)
   (You took it off Ijyb on level 3 of the Dungeon)
 V - a wand of paralysis (10)
   (You found it on level 9 of the Dungeon)
 X - a wand of iceblast (4)
   (You took it off Psyche on level 9 of the Dungeon)
 Y - a wand of charming (2)
   (You found it on level 9 of the Dungeon)
Scrolls
 i - 2 scrolls of fear
 j - 3 scrolls of fog
 l - 5 scrolls of teleportation {@r4}
 m - 3 scrolls of enchant weapon
 u - 2 scrolls of blinking {!r}
 D - a scroll of noise {unknown}
 F - a scroll of torment {unknown}
 H - 2 scrolls of enchant armour
 J - 2 scrolls of immolation {unknown}
 L - 3 scrolls of vulnerability {!r!r}
 N - a scroll of brand weapon {unknown}
 U - 2 scrolls of amnesia {unknown}
Potions
 b - 3 potions of heal wounds {@q2}
 e - 2 potions of degeneration {unknown}
 f - 5 potions of lignification {!q}
 n - 2 potions of might {unknown}
 o - 3 potions of invisibility {unknown}
 p - 6 potions of haste {unknown}
 s - a potion of mutation {unknown}
 A - 5 potions of curing {unknown}
 E - 2 potions of flight {unknown}
 O - 2 potions of attraction {unknown}
 S - a potion of ambrosia {unknown}

Dungeon Overview and Level Annotations

Branches:
Dungeon (11/15)            Temple (0/1) D:6            Lair (0/6) D:10
    Orc (2/2) D:11            Elf (0/3) Orc:2         Sewer (visited)
  IceCv (visited)

Altars:
Fedhas
Yredelemnul
Beogh

Shops:
Orc:1

[ #...........#
............##
........#....#
.....#.#....##
#....####....############.
.#.^## #............$.....
...## ##............$....
....# #..)..............
##.## ##.......#o##o....
### ##....)oo#.......
##..))@.....#
##))##oo.......
#.).###......o. ##.##
##....... ### #......
.$.... ...... ...o..


You could see an orc warlord, 2 orc warriors, an orc wizard (strong) and 3 orcs.


Message History

You block the orange demon's attack. The orange demon completely misses you.
The orc high priest closely misses you.
You thump the orc high priest!
The sun demon hits you but does no damage. x2
The orc high priest completely misses you.
You sock the orc high priest! The orange demon completely misses you.
You block the orange demon's attack. The sun demon closely misses you.
The orc high priest hits you but does no damage.
You closely miss the orc high priest. You headbutt the orc high priest!
You block the sun demon's attack.
The orc high priest hits you but does no damage.
The orange demon stings you but does no damage.
You block the orange demon's attack.
You bludgeon the orc high priest!!
You kill the orc high priest!
Trog accepts your kill.
The sun demon disappears in a puff of smoke!
The orange demon disappears in a puff of smoke!
The chaos spawn degenerates into a cloud of primal chaos!
The orc high priest invokes the aid of Beogh against you.
Pain shoots through your body!
* * * LOW HITPOINT WARNING * * *
You block the sun demon's attack.
Your life force feels restored. 😨 HP[-13]
You now have 142 max hp (+3).
You take 13 damage, and now have 50/142 hp.
You hit the orc wizard.
An orc warlord comes into view.
It is wielding a +1 great sword of holy wrath.
You block the sun demon's attack.
You bludgeon the orc high priest!!
The orc high priest calls down the wrath of Beogh upon you.
Beogh smites you!
* * * LOW HITPOINT WARNING * * *
The orc wizard completely misses you.
The orc is engulfed in seething chaos.
The orc is moving more slowly.
The ice devil barely misses you. You furiously retaliate!
You headbutt the ice devil! 😨 HP[-11]
You take 11 damage, and now have 39/142 hp.
You closely miss the orc high priest. The sun demon hits you!
* * * LOW HITPOINT WARNING * * *
You are engulfed in flames!
You resist.
* * * LOW HITPOINT WARNING * * *
You block the orc high priest's attack. 😱 HP[-17]
You take 17 damage, and now have 22/142 hp.
You bludgeon the orc high priest!! You headbutt the orc high priest!
You block the ice devil's attack. You block the sun demon's attack.
An orc comes into view. It is wielding a +0 falchion.
The orc shouts!
You hit the orc high priest.
You hear a shout!
The orc high priest hits you but does no damage.
You closely miss the orc high priest. You block the ice devil's attack.
The sun demon closely misses you.
The orc warlord roars a battlecry!
The orcs go into a battle-frenzy!
You block the orc sorcerer's attack.
You hear a shout! x2
You bludgeon the orc high priest!!
You kill the orc high priest!
Trog accepts your kill.
The ice devil disappears in a puff of smoke!
The sun demon disappears in a puff of smoke!
Your Fighting skill increases to level 6! 😱 HP[+1]
You now have 145 max hp (+3).
You sock the orc sorcerer! Your headbutt misses the orc sorcerer.
The orc warlord roars a battlecry!
The orc warrior goes into a battle-frenzy!
You hear a shout! x2
You thump the orc sorcerer! Your headbutt misses the orc sorcerer.
You hit the orc sorcerer.
The orc stops moving altogether!
The orc sorcerer hits you but does no damage.
The orc wizard closely misses you. You furiously retaliate!
You headbutt the orc wizard!
You kill the orc wizard!
Trog accepts your kill.
Trog appreciates your killing of a magic user.
You hit the orc sorcerer.
You feel the power of Trog in you as your rage grows.
You kill the orc sorcerer!
Trog accepts your kill.
Trog appreciates your killing of a magic user.
The orc warrior closely misses you. 😱 HP[+1]
You are too berserk!
The orc warrior completely misses you. You furiously retaliate!
You headbutt the orc warrior, but do no damage.
The orc warlord roars a battlecry!
The orc warrior goes into a battle-frenzy!
An orc comes into view. It is wielding a +0 short sword.
Items here: ))) [[ †††.
The orc shouts!
You hit the orc warlord. You sock the orc warlord!
You headbutt the orc warlord, but do no damage.
You block the orc warrior's attack.
An orc wizard comes into view. It is wielding a +0 dagger.
The orc warlord hits you with a +1 great sword of holy wrath!!
You die...

Skill      XL: |  1  2  3  4  5  6  7  8  9 10 11 12 |
---------------+-------------------------------------+-----
Maces & Flails | 4 5 6 7 8 9 11 14 16 | 16.0
Armour         | 5 11 16 17 | 17.0
Dodging        | 4 6 |  6.0
Shields        | 9 |  9.0
Fighting       | 6 |  6.7

Action                   |  1- 3 |  4- 6 |  7- 9 | 10-12 || total
-------------------------+-------+-------+-------+-------++-------
Melee: Mace              |    15 |   103 |   210 |       ||   328
       Short sword       |    70 |    46 |       |       ||   116
       Headbutt          |     9 |    15 |    62 |   144 ||   230
       Punch             |     1 |       |       |       ||     1
       Morningstar       |       |       |   133 |    91 ||   224
       Flail             |       |       |       |   586 ||   586
Throw: Dart              |       |       |     1 |     1 ||     2
Invok: Berserk           |     2 |     3 |     8 |    20 ||    33
Evoke: Wand              |       |       |       |     4 ||     4
  Use: Scroll            |       |       |     9 |     2 ||    11
       Potion            |       |       |       |     2 ||     2
Armor: Ring mail         |    35 |    51 |    15 |       ||   101
       Scale mail        |       |       |    69 |   247 ||   316
       Plate armour      |       |       |    24 |       ||    24
Dodge: Dodged            |    56 |    55 |   131 |   382 ||   624
Block: Kite shield       |    16 |    40 |    79 |   224 ||   359

Levels and vault maps discovered:
D:1:      beargit_arrival_greenhouse, layout_basic, basic_ecumenical_altar
D:2:      layout_rooms
D:3:      layout_basic, gup_sewer_entry_spiral, chequers_avenue,
          columned_hall_lemuel, uniq_ijyb, uniq_terence, uniq_crazy_yiuf_cottage
D:4:      layout_rooms, serial_glass, glass_columns_b, glass_columns_c,
          glass_columns_b, glass_columns_b, minmay_box_of_dots
D:5:      layout_basic, mainiacjoe_overflow_alcove_1
D:6:      layout_loops_corners, lemuel_mausoleum_altar_yredelemnul,
          minmay_temple_entry_hall, minivault_1, kennysheep_generic_room_13
D:7:      layout_rooms, uniq_duvessa
D:8:      layout_basic
D:9:      cheibrodos_statue_roulette, layout_cross, uniq_psyche
D:10:     layout_small_grid, erik_lair_orcish_takeover
D:11:     layout_layer_cave, david_orc_3, portal_ice_cave_entry_pillars_2
Orc:1:    layout_caves, basic_altar, serial_shops, shop
Orc:2:    st_orc_congregation, layout_caves

Notes
Turn   | Place    | Note
-------+----------+-------------------------------------------
     0 | D:1      | Faeu the Minotaur Berserker began the quest for the Orb.
     0 | D:1      | Reached XP level 1. HP: 19/19 MP: 0/0
     0 | D:1      | magus.rc [v1.9.6]
   181 | D:1      | Reached skill level 4 in Maces & Flails
   652 | D:1      | Reached XP level 2. HP: 26/26 MP: 1/1
   659 | D:1      | Found a faded altar of an unknown god.
   963 | D:1      | You fall into a shaft and drop 1 floor!
   989 | D:2      | Reached skill level 5 in Maces & Flails
  1008 | D:2      | Reached XP level 3. HP: 23/31 MP: 2/2
  1306 | D:2      | You add the spells Conjure Flame, Ignite Poison and Sticky
                  | Flame to your library.
  1332 | D:2      | Reached ** piety under Trog
  2071 | D:3      | Found a runed translucent door.
  2072 | D:3      | Noticed Crazy Yiuf
  2100 | D:3      | Noticed Terence
  2109 | D:3      | Killed Terence
  2110 | D:3      | Reached skill level 6 in Maces & Flails
  2110 | D:3      | Reached XP level 4. HP: 39/39 MP: 3/3
  2234 | D:3      | Found a glowing drain.
  2238 | Sewer    | Entered a sewer
  2395 | Sewer    | Reached skill level 7 in Maces & Flails
  2395 | Sewer    | Reached XP level 5. HP: 39/45 MP: 4/4
  2755 | Sewer    | Reached *** piety under Trog
  2758 | Sewer    | Reached skill level 8 in Maces & Flails
  2871 | Sewer    | Reached XP level 6. HP: 19/51 MP: 5/5
  2872 | Sewer    | HP: 19/76 [poisoned by an adder]
  3113 | Sewer    | Found a viscous altar of Jiyva.
  3335 | D:3      | Noticed Ijyb
  3346 | D:3      | Killed Ijyb
  3955 | D:3      | Killed Crazy Yiuf
  4118 | D:4      | Reached skill level 9 in Maces & Flails
  4447 | D:4      | Reached XP level 7. HP: 57/57 MP: 6/6
  4543 | D:4      | Reached skill level 10 in Maces & Flails
  4967 | D:4      | magus.rc [v1.9.6]
  4998 | D:5      | Entered Level 5 of the Dungeon
  5029 | D:5      | Identified the +1 scale mail of Entitlement {*Slow rElec
                  | Regen+ Stlth+}
  5058 | D:5      | Reached skill level 11 in Maces & Flails
  5322 | D:5      | Reached XP level 8. HP: 54/64 MP: 7/7
  5474 | D:5      | Found a blossoming altar of Fedhas.
  6084 | D:6      | Reached skill level 12 in Maces & Flails
  6156 | D:6      | Reached **** piety under Trog
  6211 | D:6      | Reached skill level 13 in Maces & Flails
  6461 | D:6      | Found a staircase to the Ecumenical Temple.
  7048 | D:6      | Reached skill level 14 in Maces & Flails
  7099 | D:6      | Found a basalt altar of Yredelemnul.
  7158 | D:6      | Reached XP level 9. HP: 70/70 MP: 8/8
  7439 | D:7      | Noticed Dowan
  7463 | D:7      | Noticed Duvessa
  7470 | D:7      | Killed Dowan
  7474 | D:7      | Killed Duvessa
  7475 | D:7      | Reached skill level 15 in Maces & Flails
  7695 | D:7      | Identified the +5 scale mail of Oblivion {rF+}
  7941 | D:7      | Reached ***** piety under Trog
  8081 | D:7      | Reached skill level 16 in Maces & Flails
  8148 | D:7      | Reached skill level 3 in Armour
  8158 | D:7      | magus.rc [v1.9.6]
  8265 | D:8      | Reached skill level 3 in Dodging
  8337 | D:8      | Reached skill level 4 in Armour
  8347 | D:8      | Reached skill level 4 in Dodging
  8640 | D:8      | Reached skill level 5 in Armour
  8640 | D:8      | Reached XP level 10. HP: 77/77 MP: 9/9
  8747 | D:8      | Reached skill level 5 in Dodging
  8757 | D:8      | Reached skill level 6 in Armour
  8883 | D:8      | Reached skill level 6 in Dodging
  9209 | D:9      | Reached skill level 7 in Armour
  9474 | D:9      | Reached skill level 8 in Armour
  9528 | D:9      | Noticed Psyche
  9537 | D:9      | Killed Psyche
  9836 | D:9      | Noticed a gargoyle
  9845 | D:9      | Killed a gargoyle
  9846 | D:9      | Reached skill level 9 in Armour
  9919 | D:9      | Noticed a gargoyle
  9926 | D:9      | Killed a gargoyle
 10040 | D:9      | Noticed a gargoyle
 10047 | D:9      | Killed a gargoyle
 10048 | D:9      | Reached skill level 10 in Armour
 10300 | D:9      | You pick up a book of Changes {forbidden} and begin
                  | reading...
 10300 | D:9      | You add the spells Beastly Appendage, Wereblood and Spider
                  | Form to your library.
 10412 | D:9      | You pick up a book of Displacement {forbidden} and begin
                  | reading...
 10412 | D:9      | You add the spells Lesser Beckoning, Gell's Gravitas and
                  | Teleport Other to your library.
 10426 | D:9      | Noticed a gargoyle
 10434 | D:9      | Killed a gargoyle
 10600 | D:10     | Entered Level 10 of the Dungeon
 10812 | D:10     | Noticed a two-headed ogre
 10885 | D:10     | Reached skill level 11 in Armour
 10984 | D:10     | Found a staircase to the Lair.
 10991 | D:10     | Reached XP level 11. HP: 82/82 MP: 10/10
 11449 | D:11     | Noticed a brown ugly thing
 11455 | D:11     | Reached skill level 12 in Armour
 11464 | D:11     | Killed a brown ugly thing
 11532 | D:11     | Found a frozen archway.
 11569 | IceCv    | Entered an ice cave
 11579 | IceCv    | Reached skill level 13 in Armour
 11624 | IceCv    | Reached skill level 14 in Armour
 11888 | IceCv    | magus.rc [v1.9.6]
 11941 | IceCv    | Noticed a white ugly thing
 11959 | IceCv    | Killed a white ugly thing
 12525 | IceCv    | Reached skill level 15 in Armour
 12604 | IceCv    | Noticed a death yak
 12606 | IceCv    | Noticed a death yak
 12631 | IceCv    | Noticed a death yak
 12635 | IceCv    | Killed a death yak
 12637 | IceCv    | Killed a death yak
 12646 | IceCv    | Killed a death yak
 12648 | IceCv    | Reached skill level 16 in Armour
 12651 | IceCv    | Reached XP level 12. HP: 62/90 MP: 11/11
 12792 | IceCv    | Noticed a frost giant
 12792 | IceCv    | Noticed a death yak
 12806 | IceCv    | HP: 32/135 [frost giant/+2 battleaxe of freezing (24)]
 12807 | IceCv    | Killed a frost giant
 12812 | IceCv    | HP: 19/135 [death yak (8)]
 12815 | IceCv    | Killed a death yak
 12825 | IceCv    | HP: 17/90 [polar bear (11)]
 13061 | IceCv    | Reached skill level 17 in Armour
 13098 | IceCv    | Reached skill level 1 in Shields
 13276 | D:11     | Reached skill level 2 in Shields
 13285 | D:11     | Reached skill level 3 in Shields
 13538 | D:11     | Found a staircase to the Orcish Mines.
 13565 | D:11     | Reached skill level 4 in Shields
 13797 | D:11     | You pick up a book of Minor Magic {forbidden} and begin
                  | reading...
 13797 | D:11     | You add the spells Magic Dart, Call Imp and Mephitic Cloud
                  | to your library.
 13871 | D:11     | Reached skill level 5 in Shields
 13945 | D:11     | Noticed a boulder beetle
 13980 | D:11     | Killed a boulder beetle
 13981 | D:11     | Reached skill level 6 in Shields
 14135 | D:11     | magus.rc [v1.9.6]
 14478 | Orc:1    | Entered Level 1 of the Orcish Mines
 14478 | Orc:1    | Found Dozih's Armour Shoppe.
 14493 | D:11     | Reached skill level 7 in Shields
 14907 | Orc:1    | Noticed an orc high priest
 14935 | Orc:1    | Killed an orc high priest
 14936 | Orc:1    | Reached skill level 8 in Shields
 15487 | Orc:2    | Entered Level 2 of the Orcish Mines
 15493 | Orc:2    | Reached skill level 9 in Shields
 15496 | Orc:2    | Identified a +1 robe of the Archmagi
 15499 | Orc:2    | Paralysed by an orc sorcerer for 4 turns
 15514 | Orc:2    | Reached skill level 4 in Fighting
 15815 | Orc:2    | Found a staircase to the Elven Halls.
 15965 | Orc:2    | Reached skill level 5 in Fighting
 16069 | Orc:2    | Noticed an orc high priest
 16081 | Orc:2    | Noticed an orc high priest
 16097 | Orc:2    | Killed an orc high priest
 16098 | Orc:2    | Noticed an orc warlord
 16100 | Orc:2    | HP: 29/142 [sun demon[an orc high priest] (11)]
 16104 | Orc:2    | Killed an orc high priest
 16105 | Orc:2    | Reached skill level 6 in Fighting
 16111 | Orc:2    | Slain by an orc warlord

Vanquished Creatures
  A frost giant (IceCv)
  A boulder beetle (D:11)
  4 death yaks (IceCv)
  3 orc high priests
  4 orc sorcerers
  A manticore (D:11)
  2 ugly things
  2 cyclopes (D:11)
  4 gargoyles (D:9)
  An ice statue (IceCv)
  7 rime drakes (IceCv)
  A kobold demonologist (D:11)
  A komodo dragon (D:11)
  Psyche (D:9)
  4 polar bears (IceCv)
  2 trolls
  A shadow (D:10)
  A wraith (D:8)
  4 wyverns
  14 yaks
  A steam dragon (D:6)
  4 vampire mosquitoes (D:11)
  An acid dragon (D:8)
  4 wargs
  Duvessa (D:7)
  A water moccasin (D:8)
  3 ice beasts
  2 hornet zombies
  17 orc warriors
  3 necrophages
  5 ogres
  4 centaurs
  9 wolves (IceCv)
  3 phantoms
  6 kobold brigands
  A bullfrog (D:8)
  4 scorpions
  A gnoll sergeant (D:11)
  A wyvern zombie (D:9)
  A water moccasin zombie (D:7)
  Dowan (D:7)
  4 killer bees (D:9)
  2 howler monkeys (D:7)
  5 wights (D:6)
  4 centaur zombies
  12 orc priests
  3 bullfrog zombies (D:6)
  6 hounds
  A human zombie (D:6)
  3 jellies (Sewer)
  Crazy Yiuf (D:3)
  A bullfrog skeleton (D:5)
  Ijyb (D:3)
  Terence (D:3)
  3 iguanas
  19 orc wizards
  A hound skeleton (D:4)
  A howler monkey zombie (D:6)
  A howler monkey skeleton (D:6)
  3 gnolls (D:11)
  11 adders
  3 river rats
  3 white imps
  4 worms
  A dart slug (D:4)
  57 orcs
  8 ball pythons
  7 bats
  11 endoplasms
  7 giant cockroaches
  5 goblins
  3 hobgoblins
  5 jackals
  6 quokkas
  6 frilled lizards
  20 kobolds
  10 rats
371 creatures vanquished.

Vanquished Creatures (collateral kills)
  A polar bear (IceCv)
1 creature vanquished.

Vanquished Creatures (others)
  A wolf (IceCv)
  An orc (Orc:1)
2 creatures vanquished.

Grand Total: 374 creatures vanquished

Table legend:
 A = Non-vault XP
 B = Vault XP
 C = Vault XP percentage of total XP
 D = Non-vault monster count
 E = Vault monster count
 F = Vault count percentage of total count
                 A         B        C        D         E       F
            +---------+---------+-------+---------+---------+-------
      Total |   18066 |   19102 |  51.4 |     239 |     134 |  35.9
            +---------+---------+-------+---------+---------+-------
        D:1 |      27 |       0 |   0.0 |      17 |       0 |   0.0
        D:2 |      41 |       0 |   0.0 |      15 |       0 |   0.0
        D:3 |      85 |     146 |  63.2 |      19 |      11 |  36.7
        D:4 |     510 |      58 |  10.2 |      15 |       5 |  25.0
        D:5 |     356 |       0 |   0.0 |       7 |       0 |   0.0
        D:6 |     994 |     778 |  43.9 |      26 |      13 |  33.3
        D:7 |    1081 |     216 |  16.7 |      30 |       2 |   6.2
        D:8 |    2582 |       0 |   0.0 |      22 |       0 |   0.0
        D:9 |    1276 |    2023 |  61.3 |      18 |       5 |  21.7
       D:10 |    1086 |     642 |  37.2 |      14 |       9 |  39.1
       D:11 |    6457 |     448 |   6.5 |      28 |       9 |  24.3
      Orc:1 |    2358 |       0 |   0.0 |      18 |       0 |   0.0
      Orc:2 |    1213 |    2696 |  69.0 |      10 |      18 |  64.3
      Sewer |       0 |     237 | 100.0 |       0 |      27 | 100.0
      IceCv |       0 |   11858 | 100.0 |       0 |      35 | 100.0
            +---------+---------+-------+---------+---------+-------

Illustrated notes

Table legend:
 A = Kills in this place as a percentage of kills in entire the game.
 B = Kills by you in this place as a percentage of kills by you in the entire game.
 C = Kills by friends in this place as a percentage of kills by friends in the entire game.
 D = Other kills in this place as a percentage of other kills in the entire game.
 E = Experience gained in this place as a percentage of experience gained in the entire game.
 F = Experience gained in this place divided by the number of levels of this place that you have seen.
                   A       B       C       D       E      F
               +-------+-------+-------+-------+-------+----------------------
         Total | 100.0 | 100.0 | 100.0 | 100.0 | 100.0 | 2477.9
       Dungeon |  71.0 |  71.4 |   0.0 |   0.0 |  50.6 | 1709.6
  Orcish Mines |  12.3 |  12.4 |   0.0 |   0.0 |  16.9 | 3133.5
         Sewer |   7.2 |   7.3 |   0.0 |   0.0 |   0.6 | 237.0
      Ice Cave |   9.4 |   8.9 | 100.0 | 100.0 |  31.9 | 11858.0
               +-------+-------+-------+-------+-------+----------------------

Table legend: (Time is in decaauts)
 A = Elapsed time spent in this place.
 B = Non-inter-level travel time spent in this place.
 C = Inter-level travel time spent in this place.
 D = Time resting spent in this place.
 E = Time spent auto-exploring this place.
 F = Levels seen in this place.
 G = Mean time per level.
                   A        B        C        D        E       F      G
               +--------+--------+--------+--------+--------+-----+--------+
         Total |  16418 |  16076 |    342 |   3523 |   6883 |  15 | 1094.5 |
       Dungeon |  12356 |  12015 |    341 |   2108 |   6075 |  11 | 1123.3 |
  Orcish Mines |   1405 |   1405 |      0 |    318 |    196 |   2 |  702.5 |
         Sewer |    969 |    969 |      0 |    425 |    307 |   1 |  969.0 |
      Ice Cave |   1688 |   1688 |      0 |    670 |    304 |   1 | 1688.0 |
               +--------+--------+--------+--------+--------+-----+--------+

Top non-repeatable levels by time:
   IceCv: 1688 daAuts
    D:11: 1608 daAuts
     D:9: 1552 daAuts
     D:6: 1529 daAuts
     D:3: 1368 daAuts
     D:1: 1256 daAuts
   Sewer: 969 daAuts
   Orc:1: 969 daAuts
     D:4: 931 daAuts
     D:5: 917 daAuts
     D:8: 873 daAuts
     D:7: 855 daAuts
    D:10: 817 daAuts
     D:2: 645 daAuts
   Orc:2: 436 daAuts
